Map: 2000 Atmospheres LE

Players

Zergslayer - Winner!

  • Race: Protoss Protoss
  • League: Silver
  • Spawn Location: 7:00

JugglingHams

  • Race: Protoss Protoss
  • League: Master
  • Spawn Location: 3:00

VOD

Have the link to the VOD?

Description

Silver beats master

Time

  • Played on: July 10, 2022, 4:07 p.m.
  • Length: 16:12
Show
View Real Time Build Order
Export as new Build Order

Zergslayer Protoss - Winner!

Build Orders:  

Get SALT Encoding   

  12  0:00  Probe  
  13  0:12  Probe  
  14  0:21  Pylon  
  14  0:24  Probe  
  15  0:39  Probe  
  15  0:41  Gateway  
  16  0:52  Probe  
  16  0:56  Assimilator  
  17  1:00  Assimilator  
  17  1:04  Probe  
  18  1:16  Probe  
  19  1:28  Zealot (Chrono Boost), Probe  
  22  1:40  Probe  
  23  2:05  Cybernetics Core  
  23  2:16  Pylon  
  23  2:20  Forge  
  23  2:32  Nexus  
  23  2:34  Probe  
  24  2:44  Pylon  
  24  2:46  Probe, Warp Gate (Chrono Boost)  
  25  2:53  Protoss Ground Weapons Level 1  
  25  2:58  Probe  
  26  3:13  Pylon  
  26  3:16  Stalker  
  26  3:19  Probe  
  29  3:28  Assimilator  
  29  3:31  Assimilator  
  29  3:41  Robotics Facility  
  29  3:43  Twilight Council  
  29  3:47  Probe  
  29  3:48  Probe  
  31  3:59  Probe  
  31  4:00  Probe  
  31  4:11  Probe  
  31  4:12  Probe  
  25  4:23  Stalker  
  26  4:35  Probe (Chrono Boost)  
  28  4:42  Probe (Chrono Boost)  
  28  4:44  Probe (Chrono Boost)  
  28  4:45  Photon Cannon  
  29  4:49  Probe x2 (Chrono Boost)  
  29  5:19  Probe (Chrono Boost)  
  31  5:22  Probe (Chrono Boost)  
  31  5:31  Probe (Chrono Boost)  
  31  5:33  Warp Prism  
  31  5:35  Probe (Chrono Boost)  
  35  5:36  Probe (Chrono Boost)  
  35  5:42  Pylon  
  36  5:43  Probe (Chrono Boost)  
  36  5:44  Pylon  
  38  5:50  Stalker  
  38  5:52  Probe (Chrono Boost)  
  38  5:53  Probe (Chrono Boost)  
  41  5:58  Probe x2 (Chrono Boost)  
  41  6:04  Photon Cannon  
  43  6:09  Probe  
  43  6:10  Probe  
  45  6:14  Stalker  
  45  6:17  Blink (Chrono Boost), Protoss Ground Armor Level 1  
  47  6:27  Gateway  
  47  6:29  Gateway  
  47  6:32  Probe (Chrono Boost)  
  49  6:41  Probe (Chrono Boost)  
  49  6:43  Probe (Chrono Boost)  
  49  6:45  Stalker  
  49  6:46  Probe (Chrono Boost)  
  52  6:51  Probe  
  54  6:58  Probe  
  55  7:10  Probe  
  55  7:11  Stalker  
  58  7:16  Probe  
  60  7:22  Probe  
  60  7:32  Stalker  
  62  7:46  Pylon  
  62  7:49  Pylon  
  62  7:52  Gateway  
  62  7:57  Gateway  
  62  8:00  Stalker  
  62  8:01  Stalker x2  
  62  8:03  Gateway  
  66  8:31  Photon Cannon  
  66  8:33  Probe  
  67  8:37  Protoss Ground Armor Level 2  
  67  8:50  Stalker x3  
  73  9:02  Stalker x2  
  77  9:03  Stalker  
  79  9:20  Pylon  
  79  9:23  Pylon  
  79  9:25  Stalker x3, Pylon  
  79  9:26  Stalker  
  79  9:27  Stalker x2  
  79  9:31  Forge  
  91  9:34  Forge  
  91  9:55  Stalker x3  
  91  9:56  Stalker x3  
  103  10:29  Stalker x4  
  103  10:30  Stalker  
  103  10:31  Stalker  
  115  10:39  Protoss Shields Level 1  
  115  10:40  Protoss Ground Weapons Level 2  
  115  11:14  Stalker  
  117  11:22  Pylon  
  117  11:24  Pylon  
  117  11:28  Pylon  
  117  11:32  Pylon  
  109  12:02  Stalker x3  
  109  12:03  Stalker  
  109  12:04  Stalker  
  109  12:05  Stalker  
  117  13:15  Stalker x5  
  117  13:16  Stalker  
  129  13:27  Protoss Shields Level 2  
  129  13:50  Stalker x4  
  129  13:51  Stalker x2  
  137  14:23  Stalker x4  
  139  14:24  Stalker  
  139  14:26  Stalker  
  129  14:52  Stalker x5  
  135  14:53  Stalker  
  133  15:43  Stalker x4  
Show
View Real Time Build Order
Export as new Build Order

JugglingHams Protoss 

Build Orders: Oracle Opening 

Get SALT Encoding   

  12  0:00  Probe  
  13  0:16  Pylon  
  13  0:18  Probe (Chrono Boost)  
  14  0:29  Probe (Chrono Boost)  
  14  0:34  Gateway  
  15  0:37  Probe  
  16  0:43  Assimilator  
  16  0:49  Probe  
  17  1:00  Gateway  
  17  1:08  Assimilator  
  17  1:23  Cybernetics Core  
  17  1:51  Probe (Chrono Boost)  
  18  2:00  Pylon  
  19  2:01  Probe (Chrono Boost)  
  19  2:06  Stargate, Probe (Chrono Boost)  
  19  2:18  Probe  
  19  2:19  Warp Gate  
  19  2:22  Stalker  
  22  2:29  Stalker  
  24  2:33  Probe (Chrono Boost)  
  25  2:42  Pylon  
  25  2:52  Oracle (Chrono Boost)  
  28  3:02  Adept  
  30  3:08  Probe  
  31  3:16  Adept  
  33  3:20  Probe  
  34  3:32  Probe, Pylon  
  35  3:55  Nexus  
  35  3:58  Probe  
  36  4:11  Probe  
  37  4:28  Pylon  
  37  4:34  Probe  
  38  4:39  Forge  
  38  4:42  Twilight Council  
  38  4:46  Robotics Facility, Probe  
  39  5:11  Probe x2  
  41  5:21  Gateway, Stalker  
  41  5:23  Probe x2  
  41  5:24  Gateway  
  45  5:31  Shield Battery  
  45  5:34  Pylon  
  45  5:35  Probe  
  46  5:40  Stalker  
  48  5:56  Protoss Ground Weapons Level 1 (Chrono Boost)  
  48  6:00  Probe x2  
  48  6:02  Charge (Chrono Boost)  
  48  6:04  Photon Cannon  
  50  6:08  Photon Cannon  
  50  6:20  Assimilator  
  50  6:22  Assimilator  
  50  6:26  Stalker x2  
  54  6:44  Probe (Chrono Boost)  
  54  6:46  Nexus  
  56  6:55  Sentry, Probe (Chrono Boost)  
  56  6:56  Zealot, Probe (Chrono Boost)  
  61  7:04  Probe (Chrono Boost)  
  62  7:10  Pylon  
  62  7:14  Zealot x2  
  66  7:25  Probe x2  
  66  7:29  Shield Battery  
  68  7:33  Zealot x2  
  72  7:39  Pylon  
  72  7:40  Probe x2  
  74  7:45  Observer  
  75  7:57  Probe x2  
  75  7:58  Protoss Ground Armor Level 1  
  77  8:19  Probe x2  
  79  8:21  Zealot  
  79  8:22  Zealot x3  
  87  8:27  Probe  
  87  8:31  Probe x2  
  90  8:39  Probe  
  91  8:43  Templar Archives, Shield Battery, Probe  
  91  8:46  Shield Battery  
  92  8:53  Assimilator  
  92  8:55  Assimilator  
  92  8:56  Photon Cannon  
  92  8:57  Zealot x2  
  92  8:58  Gateway  
  96  9:02  Gateway  
  96  9:07  Photon Cannon  
  96  9:18  Probe x2  
  96  9:21  Pylon  
  96  9:24  High Templar x4  
  106  9:43  Archon x2  
  106  9:58  Zealot x2  
  106  9:59  High Templar x3  
  116  10:06  Pylon  
  114  10:07  Archon, Pylon  
  112  10:19  Zealot x2  
  116  10:22  High Templar  
  116  10:27  High Templar  
  115  10:38  Photon Cannon  
  115  10:39  Zealot x4  
  115  10:41  Photon Cannon, Warp Prism  
  125  10:54  Zealot  
  123  11:00  Archon  
  119  11:14  Zealot x4  
  119  11:15  Zealot x2  
  119  11:17  Observer  
  130  11:22  Pylon  
  120  11:43  Zealot  
  120  11:44  Zealot x5  
  124  11:52  Protoss Ground Weapons Level 2  
  117  12:02  Gateway  
  117  12:03  Gateway  
  117  12:05  Shield Battery  
  117  12:06  Gateway  
  117  12:08  Gateway  
  117  12:09  Pylon  
  117  12:10  Zealot x4  
  117  12:11  Zealot x2  
  129  12:17  Pylon  
  129  12:20  Nexus  
  121  12:33  High Templar x5  
  121  12:34  High Templar  
  133  12:40  Archon x3  
  127  12:52  Immortal  
  123  13:03  Stalker x3  
  121  13:31  Immortal  
  125  13:37  Blink  
  129  13:44  Zealot x7  
  129  13:45  Zealot x3  
  129  13:46  Void Ray  
  111  14:10  Stalker x6  
  111  14:11  Immortal  
  108  14:21  Zealot  
  108  14:22  Zealot x3  
  94  14:29  Void Ray  
  84  14:35  Stalker  
  84  14:36  Zealot x5  
  72  14:49  High Templar x4  
  72  14:50  Immortal  
  71  15:00  Zealot x4  
  71  15:01  Zealot  
  71  15:02  Archon x2  
  81  15:14  Stalker  
  74  15:29  Immortal  
  58  15:38  Zealot x3  
  64  15:44  Zealot x2  
Tags
 
Add a new tag
Caveats
  • Supply blocks, unpowered buildings, or Contaminate may cause inaccurate times.
  • Supply counts are checked every 10 seconds.